| TOP OF THE 1ST |
|
Houston Astros batting - Pitching for Cincinnati Reds : RHP Tony Guzman
|
|
Pitching: RHP Tony Guzman
|
|
|
Batting: RHB Mickey Hatcher
|
0-0: Ball 1-0: Called Strike 1-1: Ball 2-1: Ball 3-1: Swinging Strike 3-2: Base on Balls
|
|
Batting: RHB John Castino
|
0-0: Called Strike 0-1: Foul Ball, location: 2F 0-2: Ball 1-2: Foul Ball, location: 2F 1-2: Foul Ball, location: 2F 1-2: Ball 2-2: Foul Ball, location: 2F 2-2: Strikes out swinging
|
|
Batting: LHB Jose Cruz
|
0-0: Ball 1-0: Called Strike Mickey Hatcher is caught stealing 2nd base 2-6 1-1: Foul Ball, location: 2F 1-2: Foul Ball, location: 2F 1-2: Fly out, F6 (Line Drive, 6, EV 69.4 MPH)
|
| Top of the 1st over - 0 runs, 0 hits, 0 errors, 0 left on base; Houston 0 - Cincinnati 0 |
| BOTTOM OF THE 1ST |
|
Cincinnati Reds batting - Pitching for Houston Astros : LHP Craig Lefferts
|
|
Pitching: LHP Craig Lefferts
|
|
|
Batting: RHB Jim Anderson
|
0-0: Ball 1-0: Called Strike 1-1: Ball 2-1: Foul Ball, location: 2F 2-2: Fly out, F7 (Flyball, 7LS, EV 89.4 MPH)
|
|
Batting: RHB Nick Deurloo
|
0-0: Fly out, F4 (Popup, 4M, EV 55.6 MPH)
|
|
Batting: LHB Mike Easler
|
0-0: Ball 1-0: Foul Ball, location: 2F 1-1: Swinging Strike 1-2: Ball 2-2: Ball 3-2: Fly out, F9 (Flyball, 9LS, EV 96.9 MPH)
|
| Bottom of the 1st over - 0 runs, 0 hits, 0 errors, 0 left on base; Houston 0 - Cincinnati 0 |
| TOP OF THE 2ND |
|
Houston Astros batting - Pitching for Cincinnati Reds : RHP Tony Guzman
|
|
Batting: RHB Julio Franco
|
0-0: Swinging Strike 0-1: Swinging Strike 0-2: Ball 1-2: Ball 2-2: Ball 3-2: Foul Ball, location: 2F 3-2: Strikes out swinging
|
|
Batting: SHB Christopher Clark
|
0-0: Ball 1-0: Called Strike 1-1: Foul Ball, location: 2F 1-2: Ground out 4-3 (Groundball, 34D, EV 98.8 MPH)
|
|
Batting: RHB Zail Smith
|
0-0: Ball 1-0: Ball 2-0: Ball 3-0: Base on Balls
|
|
Batting: SHB Tom Herr
|
0-0: Called Strike Zail Smith steals 2nd, throwing error, E2 Zail Smith to third 0-1: Ball 1-1: Ball 2-1: Foul Ball, location: 2F 2-2: Ball 3-2: Foul Ball, location: 2F 3-2: Strikes out swinging
|
| Top of the 2nd over - 0 runs, 0 hits, 1 error, 1 left on base; Houston 0 - Cincinnati 0 |
| BOTTOM OF THE 2ND |
|
Cincinnati Reds batting - Pitching for Houston Astros : LHP Craig Lefferts
|
|
Batting: RHB Johnny Bench
|
0-0: SINGLE (Groundball, 6MD, EV 96.9 MPH)
|
|
Batting: LHB Darrell Evans
|
0-0: Ball 1-0: Grounds into double play, 4-6-3 (Groundball, 4, EV 100.0 MPH)
|
|
Batting: RHB Gary Matthews
|
0-0: Ground out 4-3 (Groundball, 4, EV 111.3 MPH)
|
| Bottom of the 2nd over - 0 runs, 1 hit, 0 errors, 0 left on base; Houston 0 - Cincinnati 0 |
| TOP OF THE 3RD |
|
Houston Astros batting - Pitching for Cincinnati Reds : RHP Tony Guzman
|
|
Batting: RHB Dave Valle
|
0-0: Ball 1-0: Foul Ball, location: 2F 1-1: Ball 2-1: Foul Ball, location: 2F 2-2: Ground out 6-3 (Groundball, 6, EV 109.4 MPH)
|
|
Batting: LHB Craig Lefferts
|
0-0: Called Strike 0-1: Called Strike 0-2: Ball 1-2: Strikes out swinging
|
|
Batting: RHB Mickey Hatcher
|
0-0: Called Strike 0-1: SINGLE (Groundball, 56D, EV 96.9 MPH)
|
|
Batting: RHB John Castino
|
0-0: Called Strike Mickey Hatcher is caught stealing 2nd base 2-4
|
| Top of the 3rd over - 0 runs, 1 hit, 0 errors, 0 left on base; Houston 0 - Cincinnati 0 |
| BOTTOM OF THE 3RD |
|
Cincinnati Reds batting - Pitching for Houston Astros : LHP Craig Lefferts
|
|
Batting: RHB Bill Melton
|
0-0: Ball 1-0: Ball 2-0: Ground out 5-3 (Groundball, 56, EV 77.5 MPH)
|
|
Batting: RHB Jesus Alfaro
|
0-0: Ball 1-0: Called Strike 1-1: Called Strike 1-2: Ball 2-2: Ground out 5-3 (Groundball, 5, EV 87.5 MPH)
|
|
Batting: RHB Tony Guzman
|
0-0: Foul Ball, location: 2F 0-1: Ball 1-1: Foul Ball, location: 2F 1-2: Foul Ball, location: 2F 1-2: Ball 2-2: Strikes out looking
|
| Bottom of the 3rd over - 0 runs, 0 hits, 0 errors, 0 left on base; Houston 0 - Cincinnati 0 |
| TOP OF THE 4TH |
|
Houston Astros batting - Pitching for Cincinnati Reds : RHP Tony Guzman
|
|
Batting: RHB John Castino
|
0-0: Ground out 5-3 (Groundball, 15, EV 83.1 MPH)
|
|
Batting: LHB Jose Cruz
|
0-0: Called Strike 0-1: Ball 1-1: Called Strike 1-2: Ball 2-2: Strikes out swinging
|
|
Batting: RHB Julio Franco
|
0-0: Ball 1-0: Foul Ball, location: 2F 1-1: Ball 2-1: Ball 3-1: Base on Balls
|
|
Batting: SHB Christopher Clark
|
0-0: Called Strike Julio Franco steals 2nd base 0-1: Foul Ball, location: 2F 0-2: Ball 1-2: Strikes out swinging
|
| Top of the 4th over - 0 runs, 0 hits, 0 errors, 1 left on base; Houston 0 - Cincinnati 0 |
| BOTTOM OF THE 4TH |
|
Cincinnati Reds batting - Pitching for Houston Astros : LHP Craig Lefferts
|
|
Batting: RHB Jim Anderson
|
0-0: Ground out 5-3 (Groundball, 56, EV 90.6 MPH)
|
|
Batting: RHB Nick Deurloo
|
0-0: Ball 1-0: Swinging Strike 1-1: Ball 2-1: SINGLE (Line Drive, 7S, EV 92.5 MPH)
|
|
Batting: LHB Mike Easler
|
0-0: Ball 1-0: Ball 2-0: Called Strike 2-1: Fly out, F7 (Flyball, 78M, EV 88.1 MPH)
|
|
Batting: RHB Johnny Bench
|
0-0: Called Strike 0-1: Called Strike 0-2: Ball 1-2: Foul Ball, location: 2F 1-2: Ball 2-2: Ball 3-2: Foul Ball, location: 2F 3-2: Fly out, F4 (Popup, 13S, EV 89.4 MPH)
|
| Bottom of the 4th over - 0 runs, 1 hit, 0 errors, 1 left on base; Houston 0 - Cincinnati 0 |
| TOP OF THE 5TH |
|
Houston Astros batting - Pitching for Cincinnati Reds : RHP Tony Guzman
|
|
Batting: RHB Zail Smith
|
0-0: Called Strike 0-1: Ball 1-1: Ball 2-1: SOLO HOME RUN (Flyball, 78XD, EV 106.3 MPH), Distance : 467 ft
|
|
Batting: SHB Tom Herr
|
0-0: Ball 1-0: Ball 2-0: Called Strike 2-1: Foul Ball, location: 2F 2-2: Ball 3-2: Strikes out swinging
|
|
Batting: RHB Dave Valle
|
0-0: Ball 1-0: Ball 2-0: Foul Ball, location: 2F 2-1: Ground out U3 (Groundball, 3, EV 87.5 MPH)
|
|
Batting: LHB Craig Lefferts
|
0-0: Ball 1-0: Ball 2-0: Foul Ball, location: 2F 2-1: Foul Ball, location: 2F 2-2: Strikes out swinging
|
| Top of the 5th over - 1 run, 1 hit, 0 errors, 0 left on base; Houston 1 - Cincinnati 0 |
| BOTTOM OF THE 5TH |
|
Cincinnati Reds batting - Pitching for Houston Astros : LHP Craig Lefferts
|
|
Batting: LHB Darrell Evans
|
0-0: Ground out 4-3 (Groundball, 4, EV 102.5 MPH)
|
|
Batting: RHB Gary Matthews
|
0-0: Foul Ball, location: 2F 0-1: Called Strike 0-2: Ball 1-2: Fly out, F7 (Flyball, 7D, EV 88.8 MPH)
|
|
Batting: RHB Bill Melton
|
0-0: Foul Ball, location: 2F 0-1: Swinging Strike 0-2: Fly out, F9 (Flyball, 9, EV 80.6 MPH)
|
| Bottom of the 5th over - 0 runs, 0 hits, 0 errors, 0 left on base; Houston 1 - Cincinnati 0 |
| TOP OF THE 6TH |
|
Houston Astros batting - Pitching for Cincinnati Reds : RHP Tony Guzman
|
|
Batting: RHB Mickey Hatcher
|
0-0: Ball 1-0: Called Strike 1-1: Foul Ball, location: 2F 1-2: Foul Ball, location: 2F 1-2: Ball 2-2: SINGLE (Line Drive, 9LS, EV 95.0 MPH)
|
|
Batting: RHB John Castino
|
0-0: Ball 1-0: Fly out, F8 (Line Drive, 8RM, EV 86.3 MPH)
|
|
Batting: LHB Jose Cruz
|
0-0: Ball 1-0: Swinging Strike 1-1: Foul Ball, location: 2F 1-2: Ball Mickey Hatcher steals 2nd base 2-2: Foul Ball, location: 2F 2-2: Foul Ball, location: 2F 2-2: SINGLE (Groundball, 34S, EV 70.0 MPH) (infield hit) Mickey Hatcher to third
|
|
Batting: RHB Julio Franco
|
0-0: Ball 1-0: Foul Ball, location: 2F 1-1: Ball 2-1: Swinging Strike 2-2: Fly out, F7 (Flyball, 78S, EV 90.0 MPH)
|
|
Batting: SHB Christopher Clark
|
0-0: Called Strike 0-1: Ball 1-1: Called Strike 1-2: Strikes out swinging
|
| Top of the 6th over - 0 runs, 2 hits, 0 errors, 2 left on base; Houston 1 - Cincinnati 0 |
| BOTTOM OF THE 6TH |
|
Cincinnati Reds batting - Pitching for Houston Astros : LHP Craig Lefferts
|
|
Batting: RHB Jesus Alfaro
|
0-0: Foul Ball, location: 2F 0-1: Ball 1-1: SOLO HOME RUN (Flyball, 7LD, EV 106.9 MPH), Distance : 351 ft
|
|
Batting: RHB Tony Guzman
|
0-0: Ball 1-0: SINGLE (Groundball, 56D, EV 97.5 MPH)
|
|
Batting: RHB Jim Anderson
|
0-0: Swinging Strike 0-1: Foul Ball, location: 2F 0-2: Strikes out swinging
|
|
Batting: RHB Nick Deurloo
|
0-0: Fly out, F6 (Popup, 6M, EV 73.1 MPH)
|
|
Batting: LHB Mike Easler
|
0-0: Called Strike 0-1: Foul Ball, location: 2F 0-2: Ball 1-2: Ball 2-2: Foul Ball, location: 2F 2-2: Fly out, F9 (Line Drive, 9, EV 91.3 MPH)
|
| Bottom of the 6th over - 1 run, 2 hits, 0 errors, 1 left on base; Houston 1 - Cincinnati 1 |
| TOP OF THE 7TH |
|
Houston Astros batting - Pitching for Cincinnati Reds : RHP Tony Guzman
|
|
Batting: RHB Zail Smith
|
0-0: Ball 1-0: Ball 2-0: Foul Ball, location: 2F 2-1: Fly out, F8 (Flyball, 78M, EV 88.8 MPH)
|
|
Batting: SHB Tom Herr
|
0-0: Called Strike 0-1: Ball 1-1: Ball 2-1: Foul Ball, location: 2F 2-2: DOUBLE (Line Drive, 9LM, EV 93.1 MPH)
|
|
Batting: RHB Dave Valle
|
0-0: Ground out 4-3 (Groundball, 4M, EV 79.4 MPH) Tom Herr to third
|
|
Batting: LHB Craig Lefferts
|
0-0: Ball 1-0: Ball 2-0: Ball 3-0: Called Strike 3-1: Ground out U3 (Groundball, 3, EV 87.5 MPH)
|
| Top of the 7th over - 0 runs, 1 hit, 0 errors, 1 left on base; Houston 1 - Cincinnati 1 |
| BOTTOM OF THE 7TH |
|
Cincinnati Reds batting - Pitching for Houston Astros : LHP Craig Lefferts
|
|
Batting: RHB Johnny Bench
|
0-0: Fly out, F9 (Flyball, 9S, EV 82.5 MPH)
|
|
Batting: LHB Darrell Evans
|
0-0: Foul Ball, location: 2F 0-1: Ball 1-1: Foul Ball, location: 2F 1-2: Strikes out swinging
|
|
Batting: RHB Gary Matthews
|
0-0: Ball 1-0: Fly out, F4 (Popup, 3S, EV 73.8 MPH)
|
| Bottom of the 7th over - 0 runs, 0 hits, 0 errors, 0 left on base; Houston 1 - Cincinnati 1 |
| TOP OF THE 8TH |
|
Houston Astros batting - Pitching for Cincinnati Reds : RHP Tony Guzman
|
|
Pitching: RHP Jay Dillard
|
|
|
Now in LF: Joseph Talley
|
|
|
Batting: RHB Mickey Hatcher
|
0-0: Ground out 6-3 (Groundball, 6S, EV 70.6 MPH)
|
|
Batting: RHB John Castino
|
0-0: SINGLE (Line Drive, 78S, EV 105.0 MPH)
|
|
Batting: LHB Jose Cruz
|
0-0: Ball 1-0: Grounds into double play, 2-4-3 (Groundball, 2L, EV 67.5 MPH)
|
| Top of the 8th over - 0 runs, 1 hit, 0 errors, 0 left on base; Houston 1 - Cincinnati 1 |
| BOTTOM OF THE 8TH |
|
Cincinnati Reds batting - Pitching for Houston Astros : LHP Craig Lefferts
|
|
Batting: RHB Bill Melton
|
0-0: Fly out, F8 (Line Drive, 8RM, EV 92.5 MPH)
|
|
Batting: RHB Jesus Alfaro
|
0-0: Ball 1-0: Ball 2-0: Foul Ball, location: 2F 2-1: Foul Ball, location: 2F 2-2: Ball 3-2: SINGLE (Groundball, 4D, EV 95.6 MPH)
|
|
Pitching: RHP Luis Aponte
|
|
|
Batting: LHB Joseph Talley
|
0-0: Ball 1-0: Foul Ball, location: 2F 1-1: Ball 2-1: Ball 3-1: Base on Balls Jesus Alfaro to second
|
|
Batting: RHB Jim Anderson
|
0-0: Grounds into double play, 4-6-3 (Groundball, 4, EV 84.4 MPH)
|
| Bottom of the 8th over - 0 runs, 1 hit, 0 errors, 1 left on base; Houston 1 - Cincinnati 1 |
| TOP OF THE 9TH |
|
Houston Astros batting - Pitching for Cincinnati Reds : RHP Jay Dillard
|
|
Batting: RHB Julio Franco
|
0-0: Ball 1-0: Called Strike 1-1: Ground out 4-3 (Groundball, 4, EV 82.5 MPH)
|
|
Batting: SHB Christopher Clark
|
0-0: Foul Ball, location: 2F 0-1: Ball 1-1: Called Strike 1-2: Foul Ball, location: 2F 1-2: Foul Ball, location: 2F 1-2: Strikes out looking
|
|
Batting: RHB Zail Smith
|
0-0: Foul Ball, location: 2F 0-1: Ball 1-1: Ground out 4-3 (Groundball, 13, EV 84.4 MPH)
|
| Top of the 9th over - 0 runs, 0 hits, 0 errors, 0 left on base; Houston 1 - Cincinnati 1 |
| BOTTOM OF THE 9TH |
|
Cincinnati Reds batting - Pitching for Houston Astros : RHP Luis Aponte
|
|
Batting: RHB Nick Deurloo
|
0-0: Foul Ball, location: 2F 0-1: Ball 1-1: Called Strike 1-2: Ball 2-2: Ground out 6-3 (Groundball, 56, EV 83.8 MPH)
|
|
Batting: LHB Mike Easler
|
0-0: Called Strike 0-1: SINGLE (Flyball, 34D, EV 96.9 MPH)
|
|
Batting: RHB Johnny Bench
|
0-0: Ball 1-0: Ball 2-0: Ball 3-0: Base on Balls Mike Easler to second
|
|
Batting: LHB Darrell Evans
|
0-0: Ball 1-0: Foul Ball, location: 2F 1-1: Grounds into double play, 4-6-3 (Groundball, 4, EV 100.6 MPH)
|
| Bottom of the 9th over - 0 runs, 1 hit, 0 errors, 1 left on base; Houston 1 - Cincinnati 1 |
| TOP OF THE 10TH |
|
Houston Astros batting - Pitching for Cincinnati Reds : RHP Jay Dillard
|
|
Batting: SHB Tom Herr
|
0-0: Called Strike 0-1: Foul Ball, location: 2F 0-2: Fly out, F9 (Flyball, 9, EV 89.4 MPH)
|
|
Batting: RHB Dave Valle
|
0-0: Ball 1-0: Called Strike 1-1: Swinging Strike 1-2: Foul Ball, location: 2F 1-2: Strikes out swinging
|
|
Pinch Hitting: LHB George Vukovich
|
0-0: Ball 1-0: Ball 2-0: Called Strike 2-1: Ball 3-1: Called Strike 3-2: Foul Ball, location: 2F 3-2: Strikes out looking
|
| Top of the 10th over - 0 runs, 0 hits, 0 errors, 0 left on base; Houston 1 - Cincinnati 1 |
| BOTTOM OF THE 10TH |
|
Cincinnati Reds batting - Pitching for Houston Astros : RHP Luis Aponte
|
|
Pitching: RHP Victor Sanchez
|
|
|
Pinch Hitting: LHB Jim Bennett
|
0-0: Called Strike 0-1: Ball 1-1: Fly out, F8 (Line Drive, 8RM, EV 90.0 MPH)
|
|
Batting: RHB Bill Melton
|
0-0: Swinging Strike 0-1: Ball 1-1: Ball 2-1: Ball 3-1: Called Strike 3-2: Fly out, F9 (Flyball, 9, EV 91.9 MPH)
|
|
Batting: RHB Jesus Alfaro
|
0-0: Called Strike 0-1: Called Strike 0-2: Ball 1-2: Ball 2-2: Strikes out swinging
|
| Bottom of the 10th over - 0 runs, 0 hits, 0 errors, 0 left on base; Houston 1 - Cincinnati 1 |
| TOP OF THE 11TH |
|
Houston Astros batting - Pitching for Cincinnati Reds : RHP Jay Dillard
|
|
Pitching: LHP Danny Boone
|
|
|
Batting: RHB Mickey Hatcher
|
0-0: Called Strike 0-1: Ball 1-1: Ground out U3 (Groundball, 34, EV 85.0 MPH)
|
|
Batting: RHB John Castino
|
0-0: Ball 1-0: Ground out 6-3 (Groundball, 6, EV 99.4 MPH)
|
|
Batting: LHB Jose Cruz
|
0-0: Called Strike 0-1: Ball 1-1: Swinging Strike 1-2: Ball 2-2: SINGLE (Line Drive, 8LS, EV 97.5 MPH)
|
|
Batting: RHB Julio Franco
|
0-0: Ball 1-0: Fly out, F7 (Flyball, 7, EV 93.1 MPH)
|
| Top of the 11th over - 0 runs, 1 hit, 0 errors, 1 left on base; Houston 1 - Cincinnati 1 |
| BOTTOM OF THE 11TH |
|
Cincinnati Reds batting - Pitching for Houston Astros : RHP Victor Sanchez
|
|
Batting: LHB Joseph Talley
|
0-0: Ball 1-0: Ball 2-0: Ball 3-0: Called Strike 3-1: Called Strike 3-2: Foul Ball, location: 2F 3-2: Foul Ball, location: 2F 3-2: Base on Balls
|
|
|